Map: Ulrena

Players

abudun

  • Race: Zerg Zerg
  • League: Silver
  • Spawn Location: 11:00

zidar - Winner!

  • Race: Zerg Zerg
  • League: Silver
  • Spawn Location: 7:00

VOD

Have the link to the VOD?

Description

Time

  • Played on: May 11, 2016, 1:59 p.m.
  • Length: 3:02
Show
View Real Time Build Order
Export as new Build Order

abudun Zerg 

Build Orders: Pool First 

Get SALT Encoding   

  12  0:20  Spawning Pool  
  11  0:23  Drone  
  12  0:31  Overlord  
  12  1:06  Zergling x6  
  15  1:13  Queen  
  17  1:31  Hatchery  
  16  1:39  Zergling x4  
  18  1:43  Extractor  
  14  2:07  Spine Crawler  
  13  2:08  Zergling x2  
  13  2:09  Zergling x4  
  14  2:33  Zergling x2  
  14  2:34  Zergling x2  
Show
View Real Time Build Order
Export as new Build Order

zidar Zerg - Winner!

Build Orders: Pool Only 

Get SALT Encoding   

  12  0:01  Drone  
  13  0:12  Overlord  
  13  0:17  Drone  
  14  0:35  Spawning Pool  
  13  0:38  Drone  
  15  0:50  Drone x2, Extractor  
  15  0:57  Overlord  
  15  1:21  Zergling x2  
  15  1:22  Queen  
  15  1:24  Zergling x2  
  15  1:25  Zergling x2  
  20  1:35  Zergling x2  
  21  1:51  Zergling x2  
  22  2:40  Roach Warren  
Tags
 
Matchup
ZvZ
Race
Zerg
Spawn Locations
Close Positions
Add a new tag
Caveats
  • Supply blocks, unpowered buildings, or Contaminate may cause inaccurate times.
  • Supply counts are checked every 10 seconds.